 Dungeon Crawl Stone Soup version 0.21.1-1-g345015fe64 (webtiles) character file.

35 Oravi the Insei (level 3, 0/26 HPs)
             Began as a Merfolk Transmuter on May 15, 2018.
             Slain by a goblin (1 damage)
             ... on level 2 of the Dungeon.
             The game lasted 00:02:08 (737 turns).

Oravi the Insei (Merfolk Transmuter)                 Turns: 737, Time: 00:02:09

Health: 0/26       AC:  2    Str:  9 (10) XL:     3   Next: 33%
Magic:  6/6        EV: 13    Int: 12 (13) God:
Gold:   55         SH:  0    Dex: 11 (14) Spells: 0/6 levels left

rFire    . . .     SeeInvis .     - Unarmed
rCold    . . .     Gourm    .   (no shield)
rNeg     . . .     Faith    .   b - +0 robe
rPois    .         Spirit   .   (no helmet)
rElec    .         Reflect  .   (no cloak)
rCorr    .         Harm     .   (no gloves)
MR       .....                  (no boots)
Stlth    +.........             (no amulet)
HPRegen  0.08/turn              (no ring)
MPRegen  0.10/turn              (no ring)

@: lethally poisoned (0 -> -3)
A: change form in water, swift swim, stealthy swim
a: no special abilities


You were on level 2 of the Dungeon.
You were not hungry.

You visited 1 branch of the dungeon, and saw 2 of its levels.

You collected 55 gold pieces.

Inventory:

Missiles
 a - 12 arrows
Armour
 b - a +0 robe (worn)
Scrolls
 f - a scroll of identify {unknown}
 i - 2 scrolls of blinking {unknown}
 k - a scroll of remove curse {unknown}
Potions
 e - 2 potions of degeneration
 h - a potion of brilliance {unknown}
 j - a potion of haste {unknown}
 l - a potion of agility {unknown}
 m - a potion of mutation {unknown}
Books
 c - a book of Changes

   Spells                             Type                      Level
   a - Beastly Appendage              Transmutation                1
   b - Sticks to Snakes               Transmutation                2
   c - Spider Form                    Transmutation/Poison         3
   d - Ice Form                       Ice/Transmutation            4
   e - Blade Hands                    Transmutation                5
Comestibles
 d - a ration
 g - 6 chunks of flesh


   Skills:
 + Level 1.2 Fighting
 + Level 2.8 Dodging
 + Level 4.0 Unarmed Combat
 + Level 2.1 Spellcasting
 + Level 3.7 Transmutations


You couldn't memorise any spells.
You knew the following spells:

 Your Spells              Type           Power        Failure   Level  Hunger
a - Beastly Appendage     Tmut           ##....       5%          1    ##.....
b - Sticks to Snakes      Tmut           ##......     9%          2    ###....
c - Spider Form           Tmut/Pois      #.........   36%         3    ####...


Dungeon Overview and Level Annotations

Branches:
Dungeon (2/15)

Altars:


Message History

The adder bites you. The goblin hits you.
* * * LOW HITPOINT WARNING * * *
You closely miss the adder.
The adder is severely wounded.
The adder bites you.
* * * LOW HITPOINT WARNING * * *
The goblin barely misses you.
You barely miss the adder.
The adder is severely wounded.
The adder bites you but does no damage.
You barely miss the adder.
The adder is severely wounded.
You feel sick. The adder misses you. The goblin hits you.
* * * LOW HITPOINT WARNING * * *
The adder completely misses you. The worm closely misses you.
It was a potion of degeneration.
There was something very wrong with that liquid.
You feel weakened.
You feel dopey.
You feel clumsy. The goblin hits you.
You die...

#..##.# #.###.# #.#
#.# ######### #.#
........# #<#
........# ##.#
........# ####..#
..(.....#######....##
.......%@.......####
......wg#########
...>...S# .........
........#.
###########


You could see a worm, an adder and a goblin.

Vanquished Creatures
  4 giant cockroaches
  8 hobgoblins
  4 kobolds (D:1)
  3 bats
  8 frilled lizards (D:1)
  2 goblins (D:1)
  5 rats (D:1)
34 creatures vanquished.

Notes
Turn   | Place    | Note
-------+----------+-------------------------------------------
     0 | D:1      | Oravi the Merfolk Transmuter began the quest for the Orb.
     0 | D:1      | Reached XP level 1. HP: 15/15 MP: 3/3
   140 | D:1      | Reached XP level 2. HP: 20/21 MP: 3/5
   347 | D:1      | Reached XP level 3. HP: 21/26 MP: 4/6
   351 | D:1      | Learned a level 2 spell: Sticks to Snakes
   355 | D:1      | Learned a level 3 spell: Spider Form
   451 | D:1      | Reached skill level 4 in Unarmed Combat
   735 | D:2      | HP: 1/26 [goblin (3)]
   737 | D:2      | Slain by a goblin

Skill      XL: |  1  2  3 |
---------------+----------+-----
Transmutations | 3 |  3.7
Unarmed Combat | 4 |  4.0
Fighting       | |  1.2
Dodging        | |  2.8
Spellcasting   | |  2.1

Action                   || total
-------------------------++-------
Melee: Unarmed           ||    94
       Headbutt          ||     6
       Punch             ||     1
 Cast: Beastly Appendage ||    23
  Use: Potion            ||     1
Armor: Robe              ||     9
Dodge: Dodged            ||    53
